 Dungeon Crawl Stone Soup version 0.23.2-33-g5129a83184 (webtiles) character file.

Game seed: 14820196395882691654

16557 Destapler the Slicer (level 12, -1/106 HPs)
             Began as a Tengu Berserker on Aug 11, 2019.
             Was a High Priest of Trog.
             Slain by a skeletal warrior
             ... wielding a +0 dire flail
             ... led by a skeletal warrior
              (23 damage)
             ... on level 13 of the Dungeon.
             The game lasted 01:22:31 (12934 turns).

Destapler the Slicer (Tengu Berserker)             Turns: 12934, Time: 01:22:31

Health: -1/106     AC: 10    Str: 24    XL:     12   Next: 38%
Magic:  19/19      EV: 21    Int:  7    God:    Trog [*****.]
Gold:   941        SH:  0    Dex: 18    Spells: 11/11 levels left

rFire    . . .     SeeInvis +   a - +2 dagger (vamp)
rCold    . . .     Gourm    .   (no shield)
rNeg     . . .     Faith    .   H - +0 leather armour {rPois}
rPois    +         Spirit   .   (helmet restricted)
rElec    .         Reflect  .   q - +2 cloak
rCorr    +         Harm     .   x - +2 pair of gloves
MR       ++...                  (boots unavailable)
Stlth    ..........             n - amulet of regeneration
HPRegen  1.67/turn              i - ring of see invisible
MPRegen  0.16/turn              c - ring of resist corrosion

@: berserking, flying quickly and evasively, regenerating, very quick
A: beak, talons 3, able to fly
a: Stop Flying, Berserk, Trog's Hand, Brothers in Arms, Renounce Religion


You were on level 13 of the Dungeon.
You worshipped Trog.
Trog was extremely pleased with you.
You were hungry.

You visited 3 branches of the dungeon, and saw 15 of its levels.

You collected 941 gold pieces.

Inventory:

Hand Weapons
 a - a +2 vampiric dagger (weapon)
 k - the +8 short sword of Ryuserph {freeze, rElec rC- Int+3}
   (You found it on level 9 of the Dungeon)

   It has been specially enchanted to freeze those struck by it, causing extra
   injury to most foes and up to half again as much damage against particularly
   susceptible opponents.
   It can also slow down cold-blooded creatures.
   It affects your intelligence (+3).
   It makes you vulnerable to cold.
   It insulates you from electricity.
 r - a +5 antimagic quick blade
Missiles
 g - 414 stones
 J - 6 javelins of returning (quivered)
Armour
 q - a +2 cloak (worn)
 x - a +2 pair of gloves (worn)
 H - a +0 leather armour of poison resistance (worn)
Jewellery
 c - a ring of resist corrosion (right hand)
 i - a ring of see invisible (left hand)
 n - an amulet of regeneration (around neck)
 L - the ring of Ihug {Str-2 Dex+4 Stlth-}
   (You found it on level 8 of the Dungeon)

   [ring of attention]

   It affects your strength (-2).
   It affects your dexterity (+4).
   It makes you less stealthy.
Wands
 o - a wand of polymorph (6)
 G - a wand of digging (5)
 I - a wand of acid (8)
Scrolls
 e - 4 scrolls of enchant armour
 f - 2 scrolls of enchant weapon {unknown}
 h - 6 scrolls of remove curse
 u - 3 scrolls of magic mapping
 w - a scroll of fog {unknown}
 y - 9 scrolls of teleportation
 B - a scroll of silence {unknown}
 C - a scroll of vulnerability {unknown}
 E - a scroll of fear {unknown}
 F - 2 scrolls of blinking {unknown}
Potions
 j - 2 potions of brilliance {unknown}
 l - 2 potions of agility
 p - 2 potions of magic {unknown}
 s - 2 potions of invisibility
 t - 5 potions of heal wounds
 v - 2 potions of might {unknown}
 z - a potion of haste {unknown}
 A - 4 potions of curing
 D - a potion of mutation
 K - a potion of cancellation {unknown}
 M - a potion of berserk rage
Miscellaneous
 m - a sack of spiders
Comestibles
 b - 17 rations


   Skills:
 - Level 6.6 Fighting
 - Level 10.0 Short Blades
   Level 6.2 Polearms
 + Level 7.9 Armour
 + Level 8.0 Dodging
 + Level 9.6 Stealth
 * Level 9.2 Evocations


You had 11 spell levels left.
You didn't know any spells.
Your spell library was empty.

Dungeon Overview and Level Annotations

Branches:
Dungeon (13/15)            Temple (1/1) D:4            Lair (1/6) D:9
    Orc (0/2) D:12
 Vaults: D:13-14

Altars:
Ashenzari
Cheibriados
Dithmenos
Elyvilon
Fedhas
Gozag
Hepliaklqana
Kikubaaqudgha
Makhleb
Nemelex Xobeh
Okawaru
Qazlal
Ru
Sif Muna
Trog
Uskayaw
Vehumet
Wu Jian
Xom
Yredelemnul
Zin
The Shining One


Innate Abilities, Weirdness & Mutations

You have a beak for a mouth.
You have claws for feet.
You can fly continuously.


Message History

Trog accepts your kill.
Your Dodging skill increases to level 8!
The skeletal warrior barely misses you.
You puncture the skeletal warrior! Your kick misses the skeletal warrior.
Your peck misses the skeletal warrior.
The skeletal warrior is moderately damaged.
The skeletal warrior hits you with a +0 short sword.
* * * LOW HITPOINT WARNING * * *
You hit the skeletal warrior. You claw the skeletal warrior.
The skeletal warrior is lightly damaged.
You puncture the skeletal warrior!
You claw the skeletal warrior, but do no damage.
Your peck misses the skeletal warrior.
The skeletal warrior is moderately damaged.
You hit the skeletal warrior but do no damage.
You claw the skeletal warrior, but do no damage.
Your peck misses the skeletal warrior.
The skeletal warrior is moderately damaged.
The skeletal warrior hits you with a +0 dire flail!!
You die...

###'####### ####+## #...##
#..### ###..### ##...# ##...#
######'## ######.####
#.......### #.......).#
#.......'.#
#.........####.......#.#
#.....).....##z......#.##
#.........#..@zz...).#zz#
#.........####z......##.z.....
#.........# #####+######.....
#.........# .^... #...?.....#
.... ####...### #### #.## ###
...#######


You could see 4 skeletal warriors.

Vanquished Creatures
  Josephine (D:12)
  Erolcha (D:10)
  A tengu warrior (D:10)
  Sonja (D:11)
  An ugly thing (D:13)
  A manticore (D:12)
  3 spiny frogs (Lair:1)
  2 gargoyles
  A komodo dragon (D:9)
  A troll (D:12)
  3 blink frogs (Lair:1)
  2 hippogriffs
  Prince Ribbit (D:6)
  5 slime creatures (D:12)
  Sigmund (D:3)
  3 yaks (D:11)
  2 wraiths (D:12)
  2 wyverns
  A steam dragon (D:10)
  2 insubstantial wisps (D:10)
  A warg (D:12)
  An acid dragon (D:12)
  2 water moccasins (Lair:1)
  A porcupine (Lair:1)
  13 orc warriors
  6 sky beasts
  4 ice beasts
  5 phantoms
  7 ogres
  5 centaurs
  A big kobold (D:3)
  6 bullfrogs
  A wyvern skeleton (D:9)
  6 scorpions
  A water moccasin skeleton (D:8)
  3 killer bees (D:12)
  4 wights (D:6)
  3 howler monkeys (D:12)
  3 crimson imps
  4 bullfrog zombies
  13 orc priests
  Crazy Yiuf (D:2)
  A bullfrog skeleton (D:12)
  A centaur zombie (D:8)
  A gnoll shaman (D:10)
  4 hounds
  3 iguanas
  19 orc wizards
  10 worker ants
  A killer bee zombie (D:8)
  3 hound zombies
  2 worker ant zombies
  Robin (D:3)
  A howler monkey skeleton (D:5)
  10 adders
  7 gnolls
  2 shadow imps
  An adder zombie (D:5)
  An adder skeleton (D:4)
  A worm (D:4)
  A dart slug (D:1)
  6 leopard geckos
  69 orcs
  4 bats
  4 giant cockroaches
  17 goblins
  8 hobgoblins
  2 jackals (D:5)
  7 quokkas
  3 ball pythons
  5 frilled lizards
  14 kobolds
  10 rats
345 creatures vanquished.

Vanquished Creatures (others)
  2 plants (D:9)
2 creatures vanquished.

Grand Total: 347 creatures vanquished

Notes
Turn   | Place    | Note
-------+----------+-------------------------------------------
     0 | D:1      | Destapler the Tengu Berserker began the quest for the Orb.
     0 | D:1      | Reached XP level 1. HP: 14/14 MP: 2/2
    85 | D:1      | Reached XP level 2. HP: 19/19 MP: 3/3
   840 | D:1      | Reached XP level 3. HP: 23/23 MP: 4/4
  2138 | D:2      | Found a runed translucent door.
  2139 | D:2      | Noticed Crazy Yiuf
  2277 | D:2      | Killed Crazy Yiuf
  2277 | D:2      | Reached XP level 4. HP: 8/29 MP: 5/5
  2607 | D:3      | Reached ** piety under Trog
  2744 | D:3      | Noticed Sigmund
  2756 | D:3      | Reached skill level 1 in Stealth
  2767 | D:3      | Killed Sigmund
  2767 | D:3      | Reached skill level 5 in Polearms
  2767 | D:3      | Gained mutation: You can fly continuously. [Tengu growth]
  2767 | D:3      | Reached XP level 5. HP: 12/34 MP: 6/6
  2767 | D:3      | Reached XP level 6. HP: 14/39 MP: 7/7
  2963 | D:3      | Noticed Robin
  2977 | D:3      | Killed Robin
  3519 | D:3      | Reached skill level 5 in Fighting
  3694 | D:4      | Found a staircase to the Ecumenical Temple.
  3712 | D:4      | Reached XP level 7. HP: 39/44 MP: 8/8
  3750 | Temple   | Entered the Ecumenical Temple
  4505 | D:5      | Entered Level 5 of the Dungeon
  4733 | D:5      | Reached skill level 1 in Evocations
  4897 | D:5      | Reached *** piety under Trog
  4901 | D:5      | Reached XP level 8. HP: 9/51 MP: 10/10
  5657 | D:6      | Reached skill level 1 in Short Blades
  5690 | D:6      | Reached skill level 2 in Short Blades
  5734 | D:6      | Got a translucent amethyst amulet
  5738 | D:6      | Identified the amulet of Propriety {Gourm Int+3} (You found
                  | it on level 6 of the Dungeon)
  5840 | D:6      | Noticed Prince Ribbit
  5885 | D:6      | Reached skill level 3 in Short Blades
  5913 | D:6      | Killed Prince Ribbit
  5913 | D:6      | Received a gift from Trog
  5913 | D:6      | Reached skill level 4 in Short Blades
  5913 | D:6      | Reached XP level 9. HP: 42/56 MP: 12/12
  6007 | D:6      | Found a hazy altar of Hepliaklqana.
  6187 | D:6      | Found a stormy altar of Qazlal.
  6537 | D:7      | Reached skill level 5 in Short Blades
  6620 | D:7      | Reached skill level 5 in Stealth
  6846 | D:7      | Reached skill level 6 in Short Blades
  7447 | D:8      | Reached skill level 7 in Short Blades
  7663 | D:8      | Reached **** piety under Trog
  7710 | D:8      | Got a heavily runed granite ring
  7791 | D:8      | Identified the ring of Ihug {Str-2 Dex+4 Stlth-} (You found
                  | it on level 8 of the Dungeon)
  7798 | D:8      | Reached skill level 8 in Short Blades
  7914 | D:8      | Reached XP level 10. HP: 61/61 MP: 13/13
  8259 | D:9      | Found a sacrificial altar of Ru.
  8474 | D:9      | Found a glowing golden altar of the Shining One.
  8751 | D:9      | Found an ornate altar of the Wu Jian Council.
  8753 | D:9      | Found a glowing golden altar of the Shining One.
  8772 | D:9      | Found a deep blue altar of Sif Muna.
  8799 | D:9      | Reached skill level 9 in Short Blades
  8899 | D:9      | Reached ***** piety under Trog
  9121 | D:9      | Found a staircase to the Lair.
  9272 | D:9      | Reached skill level 5 in Dodging
  9325 | D:10     | Entered Level 10 of the Dungeon
  9325 | D:10     | Noticed Erolcha
  9329 | D:10     | Killed Erolcha
  9329 | D:10     | Reached skill level 5 in Armour
  9468 | D:10     | Reached skill level 5 in Evocations
  9598 | D:10     | Reached XP level 11. HP: 66/66 MP: 16/16
 10117 | D:10     | Noticed a tengu warrior
 10129 | D:10     | Killed a tengu warrior
 10588 | D:9      | Got an iridescent short sword
 10589 | D:9      | Identified the +8 short sword of Ryuserph {freeze, rElec
                  | rC- Int+3} (You found it on level 9 of the Dungeon)
 10614 | Lair:1   | Entered Level 1 of the Lair of Beasts
 10836 | Lair:1   | Received a gift from Trog
 10836 | Lair:1   | Reached skill level 10 in Short Blades
 11176 | D:11     | You are sucked into a shaft for 2 floors!
 11230 | D:12     | Noticed a manticore
 11284 | D:12     | Killed a manticore
 11342 | D:12     | Found a staircase to the Orcish Mines.
 11658 | D:11     | Noticed Josephine
 11658 | D:11     | Noticed Sonja
 12020 | D:12     | Reached XP level 12. HP: 27/71 MP: 19/19
 12288 | D:11     | Found a hide-covered altar of Uskayaw.
 12317 | D:11     | Killed Sonja
 12497 | D:12     | Killed Josephine
 12934 | D:13     | Slain by a skeletal warrior

Skill      XL: |  1  2  3  4  5  6  7  8  9 10 11 12 |
---------------+-------------------------------------+-----
Polearms       | 4 5 6 |  6.2
Fighting       | 4 5 6 |  6.6
Stealth        | 3 4 6 7 9 |  9.6
Evocations     | 1 3 5 8 9 |  9.2
Armour         | 3 4 5 7 |  7.9
Dodging        | 3 4 5 7 8 |  8.0
Short Blades   | 4 8 9 10 | 10.0

Action                   |  1- 3 |  4- 6 |  7- 9 | 10-12 || total
-------------------------+-------+-------+-------+-------++-------
Melee: Spear             |    82 |       |       |       ||    82
       Peck              |    12 |     5 |   106 |   237 ||   360
       Kick              |    15 |    18 |   161 |   401 ||   595
       Mace              |       |    73 |   137 |       ||   210
       Dagger            |       |       |   293 |   914 ||  1207
Throw: Stone             |       |     3 |     2 |    22 ||    27
       Tomahawk          |       |       |     6 |     1 ||     7
       Javelin           |       |       |       |     4 ||     4
Invok: Berserk           |     1 |     2 |     5 |    14 ||    22
       Trog's Hand       |       |       |     2 |     5 ||     7
 Abil: Fly               |       |     1 |       |       ||     1
Evoke: Wand              |       |       |     1 |     2 ||     3
       Sack of spiders   |       |       |       |     2 ||     2
  Use: Scroll            |       |     3 |     4 |     7 ||    14
       Potion            |       |       |       |     1 ||     1
 Stab: Sleeping          |     2 |     1 |     3 |    25 ||    31
  Eat: Chunk             |     2 |     6 |    15 |    25 ||    48
       Ration            |     1 |       |     2 |     3 ||     6
Armor: Animal skin       |     6 |       |       |       ||     6
       Leather armour    |     4 |    25 |   116 |   102 ||   247
Dodge: Dodged            |    26 |    52 |   303 |   466 ||   847
